 Dungeon Sprint DCSS version 0.22-a0-417-g1387785 (webtiles) character file.

668 Mgcat the Basher (level 7, -2/45 HPs)
             Began as a Gargoyle Fighter on May 14, 2018.
             Was a Follower of Ru.
             Killed from afar by a gargoyle (17 damage)
             ... with a stone arrow
             ... in the Dungeon (Sprint IX: "|||||||||||||||||||||||||||||").
             The game lasted 00:03:48 (349 turns).

Mgcat the Basher (Gargoyle Fighter)                  Turns: 349, Time: 00:03:48

Health: -2/45      AC: 22    Str: 21    XL:     7   Next: 58%
Magic:  7/7        EV:  6    Int:  9    God:    Ru [*.....]
Gold:   0          SH:  0    Dex:  9    Spells: 6/6 levels left

rFire    . . .     SeeInvis .   p - +2 dire flail (crush)
rCold    . . .     Gourm    .   (shield currently unavailable)
rNeg     + . .     Faith    .   u - +0 plate armour
rPois    ∞         Spirit   .   q - +0 helmet
rElec    +         Reflect  .   r - +0 cloak
rCorr    .         Harm     .   (no gloves)
MR       .....     NoTele   +   (no boots)
Stlth    ..........             (no amulet)
HPRegen  0.15/turn              s - +2 ring of protection
MPRegen  0.10/turn              t - +2 ring of protection

@: no scrolls
A: negative energy resistance 1, electricity resistance, unbreathing,
petrification resistance, rot immunity, inability to read while threatened, AC
+4
a: Renounce Religion


You were in the Dungeon.
You worshipped Ru.
Ru was aware of your devotion.
You were not hungry.

You visited 1 branch

Inventory:

Hand Weapons
 a - a +0 flail
 p - a +2 dire flail of crushing (weapon)
   (You found it in the Dungeon)
Armour
 b - a +0 scale mail
 c - a +0 shield
 q - a +0 helmet (worn)
   (You found it in the Dungeon)
 r - a +0 cloak (worn)
   (You found it in the Dungeon)
 u - a +0 plate armour (worn)
   (You found it in the Dungeon)
Magical Staves
 n - an uncursed staff of energy {+MP, hungerless spells, !d!a@w1}
   (You found it in the Dungeon)
Jewellery
 s - a +2 ring of protection (left hand)
   (You found it in the Dungeon)
 t - a +2 ring of protection (right hand)
   (You found it in the Dungeon)
Wands
 o - a wand of acid (10)
   (You found it in the Dungeon)
Scrolls
 h - 3 scrolls of remove curse
 k - 2 scrolls of blinking {!r}
 m - 2 scrolls of amnesia
Potions
 d - a potion of invisibility
 e - a potion of heal wounds
 g - 4 potions of curing
 i - 4 potions of magic
 j - a potion of berserk rage {!q}
Comestibles
 f - a ration
 l - 2 chunks of flesh {@w0}


   Skills:
 + Level 5.8 Fighting
 - Level 14.7 Maces & Flails
 - Level 3.2 Armour
 - Level 3.2 Shields


You had 6 spell levels left.
You didn't know any spells.
Your spell library was empty.

Dungeon Overview and Level Annotations

Branches:
Dungeon (1/1)

Altars:
Cheibriados
Dithmenos
Elyvilon
Fedhas
Gozag
Hepliaklqana
Kikubaaqudgha
Makhleb
Nemelex Xobeh
Okawaru
Qazlal
Ru
Sif Muna
Trog
Uskayaw
Vehumet
Wu Jian
Xom
Yredelemnul
Zin
The Shining One
Beogh
Jiyva
Lugonu


Innate Abilities, Weirdness & Mutations

You are resistant to torment.
Your stone body is resilient. (AC +4)
You are immune to poison.
You resist negative energy. (rN+)
You are resistant to electric shocks. (rElec)
You can survive without breathing.
You are immune to petrification.
You are immune to rotting.
You cannot read scrolls while threatened.


Message History

The wyvern is heavily wounded.
The wyvern barely misses you.
You impale the wyvern!!
You kill the wyvern!
Training target 14.0 for Maces & Flails reached!
Your Maces & Flails skill increases to level 14!
You need to enable at least one skill for training.
You have reached level 7!
Unknown command.
Unknown command.
Unknown command.
The adder zombie bites you but does no damage.
There is an open door, spattered with blood here.
You see here a wyvern corpse.
You hit the adder zombie.
The adder zombie is moderately damaged.
The adder zombie bites you but does no damage.
You closely miss the adder zombie.
The adder zombie is moderately damaged.
The adder zombie closely misses you.
Your plate armour prevents you from hitting the adder zombie.
The adder zombie is moderately damaged.
The tengu conjurer gestures wildly while chanting.
The tengu conjurer conjures a globe of magical energy!
A battlesphere comes into view.
You sock the adder zombie!
You destroy the adder zombie!
You miss the bullfrog.
The bullfrog hits you but does no damage.
The tengu conjurer gestures wildly while chanting.
The tengu conjurer blinks!
You hit the bullfrog.
The bullfrog is moderately wounded.
The bullfrog hits you but does no damage.
You impale the bullfrog!!
You kill the bullfrog!
Your Fighting skill gained 2 levels and is now at level 5!
The worker ant barely misses you.
The worker ant bites you but does no damage.
You puncture the worker ant!
The worker ant is heavily wounded.
You closely miss the worker ant.
The worker ant is heavily wounded.
The worker ant bites you but does no damage.
You closely miss the worker ant.
The worker ant is heavily wounded.
The worker ant closely misses you.
You barely miss the worker ant.
The worker ant is heavily wounded.
The worker ant barely misses you.
Your plate armour prevents you from hitting the worker ant.
The worker ant is heavily wounded.
You sock the worker ant!
You kill the worker ant!
The gargoyle hits you with a mace!
Ru believes you are ready to make a new sacrifice.
Ru asks you to sacrifice your courage.
This is a significant sacrifice.
Piety after sacrifice: *.....
Do you really want to make this sacrifice?
Okay, then.
Ru asks you to sacrifice your ability to read while threatened.
This is a major sacrifice.
Piety after sacrifice: *.....
Do you really want to make this sacrifice?
You can no longer read scrolls while threatened.
You exude an aura of power that intimidates your foes.
The gargoyle hits you with a mace.
You hit the gargoyle but do no damage.
The gargoyle begins to attack, but is stunned by your will!
You sock the gargoyle!
The gargoyle is heavily damaged.
You hit the gargoyle but do no damage.
The gargoyle is heavily damaged.
The gargoyle hits you with a mace!
You feel threatened and lose the ability to read scrolls!
Your plate armour prevents you from hitting the gargoyle.
The gargoyle is heavily damaged.
You hit the gargoyle but do no damage.
The gargoyle is heavily damaged.
The gargoyle hurls a stone arrow at you.
The stone arrow hits you!
* * * LOW HITPOINT WARNING * * *
You feel much better. The gargoyle hits you with a mace.
You hit the gargoyle but do no damage.
The gargoyle is heavily damaged.
You sock the gargoyle!
The gargoyle is almost destroyed.
The gargoyle hits you but does no damage.
You barely miss the gargoyle.
The gargoyle is almost destroyed.
The tengu conjurer gestures at you while chanting.
The ball explodes into a vile cloud!
The stinking cloud engulfs the gargoyle.
The gargoyle appears unharmed.
The stinking cloud engulfs the tengu conjurer.
The stinking cloud engulfs you!
You barely miss the gargoyle.
The gargoyle is almost destroyed.
The gargoyle hurls a stone arrow at you.
The stone arrow hits you!
You die... ▓▓▓▓▓▓▓▓▓▓▓▓▓▓▓▓▓▓▓▓▓▓ +.*Q9@.†....†.'.....). ▓▓▓▓▓▓▓▓▓▓▓▓▓▓▓▓▓▓▓▓▓▓

You could see a tengu conjurer, a gargoyle and a battlesphere.

Vanquished Creatures
  A wyvern (D)
  A water moccasin (D)
  3 sky beasts (D)
  A bullfrog (D)
  2 worker ants (D)
  A shadow imp (D)
  2 adder zombies (D)
  A dart slug (D)
  An orc (D)
  A bat zombie (D)
  2 giant cockroaches (D)
  A hobgoblin (D)
  A frilled lizard (D)
  A leopard gecko skeleton (D)
  A quokka zombie (D)
20 creatures vanquished.

Notes
Turn   | Place    | Note
-------+----------+-------------------------------------------
     0 | D        | Mgcat the Gargoyle Fighter began the quest for the Orb.
     0 | D        | Reached XP level 1. HP: 14/14 MP: 1/1
    19 | D        | Reached skill level 3 in Maces & Flails
    25 | D        | Reached skill level 4 in Maces & Flails
    26 | D        | Reached XP level 2. HP: 19/19 MP: 2/2
    43 | D        | Noticed a sky beast
    43 | D        | Noticed a sky beast
    59 | D        | HP: 3/19 [something (3)]
    59 | D        | HP: 1/19 [something (2)]
    87 | D        | Killed a sky beast
    87 | D        | Reached skill level 9 in Maces & Flails
    87 | D        | Reached XP level 3. HP: 8/23 MP: 3/3
    87 | D        | Reached XP level 4. HP: 10/28 MP: 4/4
    91 | D        | Killed a sky beast
    91 | D        | Reached skill level 11 in Maces & Flails
    91 | D        | Reached XP level 5. HP: 12/32 MP: 5/5
   111 | D        | Found a roughly hewn altar of Beogh.
   111 | D        | Found a snail-covered altar of Cheibriados.
   111 | D        | Found a shadowy altar of Dithmenos.
   111 | D        | Found a white marble altar of Elyvilon.
   111 | D        | Found a blossoming altar of Fedhas.
   111 | D        | Found an opulent altar of Gozag.
   112 | D        | Found a hazy altar of Hepliaklqana.
   113 | D        | Found a viscous altar of Jiyva.
   114 | D        | Found an ancient bone altar of Kikubaaqudgha.
   115 | D        | Found a corrupted altar of Lugonu.
   116 | D        | Found a burning altar of Makhleb.
   117 | D        | Found a sparkling altar of Nemelex Xobeh.
   118 | D        | Found an iron altar of Okawaru.
   119 | D        | Found a stormy altar of Qazlal.
   120 | D        | Found a sacrificial altar of Ru.
   121 | D        | Found a deep blue altar of Sif Muna.
   122 | D        | Found a bloodstained altar of Trog.
   123 | D        | Found a hide-covered altar of Uskayaw.
   124 | D        | Found a radiant altar of Vehumet.
   125 | D        | Found an ornate altar of the Wu Jian Council.
   126 | D        | Found a shimmering altar of Xom.
   127 | D        | Found a basalt altar of Yredelemnul.
   128 | D        | Found a glowing silver altar of Zin.
   130 | D        | Became a worshipper of Ru the Awakened
   132 | D        | Found a glowing golden altar of the Shining One.
   293 | D        | Noticed a sky beast
   293 | D        | Noticed a water moccasin
   301 | D        | Killed a water moccasin
   301 | D        | Reached skill level 12 in Maces & Flails
   301 | D        | Reached XP level 6. HP: 34/37 MP: 6/6
   303 | D        | Reached skill level 13 in Maces & Flails
   310 | D        | Killed a sky beast
   317 | D        | Noticed a tengu conjurer
   317 | D        | Noticed a gargoyle
   317 | D        | Noticed a wyvern
   322 | D        | Killed a wyvern
   322 | D        | Reached skill level 14 in Maces & Flails
   322 | D        | Reached XP level 7. HP: 31/41 MP: 7/7
   330 | D        | Reached skill level 5 in Fighting
   339 | D        | Gained mutation: You cannot read scrolls while threatened. [Ru sacrifice]
   339 | D        | Reached * piety under Ru
   344 | D        | HP: 1/45 [gargoyle/stone arrow (18)]
   349 | D        | Killed from afar by a gargoyle

Vault maps used:
D:        linesprint

Skill      XL: |  1  2  3  4  5  6  7 |
---------------+----------------------+-----
Maces & Flails | 4 9 11 12 14 | 14.7
Fighting       | 5 |  5.8
Armour         | |  3.2
Shields        | |  3.2

Action                   |  1- 3 |  4- 6 |  7- 9 || total
-------------------------+-------+-------+-------++-------
Melee: Flail             |    62 |     7 |       ||    69
       Dire flail        |       |    21 |    22 ||    43
Invok: Sacrifice Words   |       |       |     1 ||     1
  Use: Potion            |     4 |       |     1 ||     5
Armor: Scale mail        |    32 |     2 |       ||    34
       Plate armour      |       |    12 |     7 ||    19
Dodge: Dodged            |     9 |     2 |     4 ||    15
Block: Shield            |    18 |       |       ||    18

Table legend:
 A = Spawn XP
 B = Non-spawn XP
 C = Spawn XP percentage of total XP
 D = Spawn monster count
 E = Non-spawn monster count
 F = Spawn count percentage of total count
 G = Total turns spent on level
                    A         B        C        D         E        F      G
               +---------+---------+-------+---------+---------+-------+---------
         Total |       0 |     955 |   0.0 |       0 |      20 |   0.0 |   349
               +---------+---------+-------+---------+---------+-------+---------
             D |       0 |     955 |   0.0 |       0 |      20 |   0.0 |   349
               +---------+---------+-------+---------+---------+-------+---------

Vault maps used:
D:        linesprint

Table legend:
 A = Turns spent in this place as a percentage of turns spent in the entire game.
 B = Non-inter-level travel turns spent in this place as a percentage of non-inter-level travel turns spent in the entire game.
 C = Inter-level travel turns spent in this place as a percentage of turns spent in this place.
 D = Turns resting spent in this place as a percentage of non-inter-level travel turns spent in this place.
 E = Turns spent auto-exploring this place as a percentage of non-inter-level travel turns spent in this place.
 F = Non-inter-level travel turns spent in this place divided by the number of levels of this place that you've seen.
                   A       B       C       D       E      F
               +-------+-------+-------+-------+-------+----------------------
         Total | 100.0 | 100.0 |   0.0 |  30.4 |   0.0 | 349.0
       Dungeon | 100.0 | 100.0 |   0.0 |  30.4 |   0.0 | 349.0
               +-------+-------+-------+-------+-------+----------------------

Table legend:
 A = Kills in this place as a percentage of kills in entire the game.
 B = Kills by you in this place as a percentage of kills by you in the entire game.
 C = Kills by friends in this place as a percentage of kills by friends in the entire game.
 D = Other kills in this place as a percentage of other kills in the entire game.
 E = Experience gained in this place as a percentage of experience gained in the entire game.
 F = Experience gained in this place divided by the number of levels of this place that you have seen.
                   A       B       C       D       E      F
               +-------+-------+-------+-------+-------+----------------------
         Total | 100.0 | 100.0 |   N/A |   N/A | 100.0 | 955.0
       Dungeon | 100.0 | 100.0 |   N/A |   N/A | 100.0 | 955.0
               +-------+-------+-------+-------+-------+----------------------
